 Dungeon Sprint DCSS version 0.20.1-1-g8b1a95d (webtiles) character file.

1032 wojtek the Basher (level 8, -5/79 HPs)
             Began as a Minotaur Berserker on Jan 2, 2018.
             Was a Priest of Trog.
             Slain by a neqoxec (11 damage)
             ... in the Dungeon (Sprint II: "The Violet Keep of Menkaure").
             The game lasted 00:00:43 (177 turns).

wojtek the Basher (Minotaur Berserker)               Turns: 177, Time: 00:00:44

Health: -5/79      AC:  2    Str: 25    XL:     8   Next: 3%
Magic:  7/7        EV: 16    Int:  4    God:    Trog [***...]
Gold:   486        SH:  0    Dex:  9    Spells: 7/7 levels left

rFire    . . .     SeeInvis .   a - +0 mace
rCold    . . .     Gourm    .   (no shield)
rNeg     . . .     Faith    .   b - +0 animal skin
rPois    .         Spirit   .   (helmet restricted)
rElec    .         Reflect  .   (no cloak)
rCorr    .         Harm     .   (no gloves)
MR       .....     NoTele   +   (no boots)
Stlth    +.........             (no amulet)
Regen    0.3/turn               (no ring)
MPRegen  0.1/turn               (no ring)

@: berserk cooldown, slowed, very slow
A: retaliatory headbutt, horns 2
a: Berserk, Trog's Hand, Burn Spellbooks, Renounce Religion


You were in the Dungeon.
You worshipped Trog.
Trog was most pleased with you.
You were not hungry.

You visited 1 branch You collected 486 gold pieces.

Inventory:

Hand Weapons
 a - a +0 mace (weapon)
Armour
 b - a +0 animal skin (worn)
Scrolls
 i - a scroll of blinking
Potions
 d - a potion of curing
 e - a potion of heal wounds
 f - a potion of haste
 g - 2 potions of magic
 h - a potion of berserk rage
Comestibles
 c - a bread ration


   Skills:
 + Level 10.1 Fighting
 * Level 13.3 Maces & Flails
 + Level 9.7 Armour
 + Level 8.9 Dodging


You had 7 spell levels left.
You didn't know any spells.

Dungeon Overview and Level Annotations

Branches:
Dungeon (1/1)

Altars:


Innate Abilities, Weirdness & Mutations

You reflexively headbutt those who attack you in melee.
You have a pair of horns on your head.


Message History

* * * LOW HITPOINT WARNING * * *
The neqoxec gestures at you.
Something tries to feed on your intellect!
The neqoxec closely misses you.
You hit the neqoxec.
You kill the neqoxec!
Trog accepts your kill.
Your Fighting skill increases to level 10!
You have reached level 8!
You feel stronger. The neqoxec hits you!
* * * LOW HITPOINT WARNING * * *
You thump the neqoxec! Your headbutt misses the neqoxec.
The neqoxec is moderately wounded.
The neqoxec hits you.
* * * LOW HITPOINT WARNING * * *
You closely miss the neqoxec.
The neqoxec is moderately wounded.
The neqoxec hits you!
You die...

##+## ##.#.##
#..#..# ####...##
# ##.###†## .##
#@#.##.##w.$#
+≈3$##'.<.+#
..#≈#..###.##w..#
▓▓###≈##.###'##
.## #####
###.).## #
#..#..# ##...##
##+##


You could see a neqoxec.

Vanquished Creatures
  A merfolk siren (D)
  3 neqoxecs (D)
  4 necrophages (D)
8 creatures vanquished.

Vanquished Creatures (others)
  A crocodile (D)
1 creature vanquished.

Grand Total: 9 creatures vanquished

Notes
Turn   | Place    | Note
-------+----------+-------------------------------------------
     0 | D        | wojtek the Minotaur Berserker began the quest for the Orb.
     0 | D        | Reached XP level 1. HP: 19/19 MP: 0/0
     1 | D        | Noticed a necrophage
     1 | D        | Noticed a necrophage
     1 | D        | Noticed a necrophage
     1 | D        | Noticed a necrophage
     9 | D        | Killed a necrophage
     9 | D        | Reached skill level 5 in Fighting
     9 | D        | Reached skill level 7 in Maces & Flails
     9 | D        | Reached skill level 5 in Armour
     9 | D        | Reached XP level 2. HP: 30/30 MP: 1/1
     9 | D        | Reached XP level 3. HP: 37/37 MP: 2/2
     9 | D        | Reached XP level 4. HP: 44/44 MP: 3/3
    10 | D        | Killed a necrophage
    10 | D        | Reached skill level 8 in Maces & Flails
    10 | D        | Reached skill level 5 in Dodging
    10 | D        | Reached XP level 5. HP: 51/51 MP: 4/4
    14 | D        | Killed a necrophage
    14 | D        | Reached ** piety under Trog
    14 | D        | Reached skill level 9 in Maces & Flails
    18 | D        | Killed a necrophage
    18 | D        | Reached skill level 10 in Maces & Flails
    18 | D        | Reached XP level 6. HP: 61/61 MP: 5/5
    62 | D        | Noticed a tyrant leech
    62 | D        | Noticed a tyrant leech
    65 | D        | Noticed a merfolk siren
    73 | D        | Killed a merfolk siren
    73 | D        | Reached skill level 12 in Maces & Flails
    73 | D        | Reached XP level 7. HP: 70/70 MP: 6/6
   157 | D        | Noticed a neqoxec
   162 | D        | Killed a neqoxec
   162 | D        | Reached *** piety under Trog
   165 | D        | Noticed a neqoxec
   166 | D        | Noticed a neqoxec
   166 | D        | Noticed a neqoxec
   170 | D        | Killed a neqoxec
   170 | D        | Reached skill level 13 in Maces & Flails
   175 | D        | Killed a neqoxec
   175 | D        | Reached skill level 10 in Fighting
   175 | D        | Reached XP level 8. HP: 19/79 MP: 7/7
   177 | D        | Slain by a neqoxec

Skill      XL: |  1  2  3  4  5  6  7 |
---------------+----------------------+-----
Fighting       | 5 6 8 9 10 | 10.1
Maces & Flails | 7 8 10 12 13 | 13.3
Armour         | 5 6 7 9 |  9.7
Dodging        | 4 5 6 8 |  8.9

Action                   |  1- 3 |  4- 6 |  7- 9 || total
-------------------------+-------+-------+-------++-------
Melee: Mace              |     6 |    14 |    15 ||    35
       Headbutt          |       |     5 |     2 ||     7
Invok: Berserk           |     1 |     1 |     1 ||     3
Dodge: Dodged            |     3 |     6 |     8 ||    17
